 Dungeon Crawl Stone Soup version 0.29-a0-885-gb26ba3297d (webtiles) character file.

Game seed: 10591008660683349775

145135 dolemite99 the Fighter (level 16, -8/174 HPs)
             Began as a Troll Transmuter on July 21, 2022.
             Was a Priest of Makhleb.
             Mangled by a will-o-the-wisp (10 damage)
             ... on level 2 of the Lair of Beasts.
             The game lasted 01:16:41 (38521 turns).

dolemite99 the Fighter (Troll Transmuter)          Turns: 38521, Time: 01:16:42

Health: -8/174     AC: 19    Str: 18 (22) XL:     16   Next: 86%
Magic:  24/24      EV: 12    Int:  7 (9)  God:    Makhleb [***...]
Gold:   1023       SH: 12    Dex: 14 (16) Spells: 9/17 levels left

rFire   + . .      SeeInvis .     - Unarmed
rCold   + . .      Faith    .   X - +2 kite shield {reflect}
rNeg    . . .      Spirit   .   a - +4 troll leather armour
rPois   .          Reflect  +   q - +2 hat
rElec   .          Harm     .   N - +2 cloak of Hedging {rC+}
rCorr   .          Rampage  .   (gloves unavailable)
Will    +....                   (boots unavailable)
Stlth   +.........              g - amulet of regeneration
HPRegen 2.79/turn               l - +4 ring of protection {=R}
MPRegen 0.19/turn               m - ring of protection from fire

@: no status effects
A: large, unfitting armour, claws 3, regeneration 1, shaggy fur 1, tough skin 1
a: Renounce Religion, Minor Destruction, Lesser Servant of Makhleb


You were on level 2 of the Lair of Beasts.
You worshipped Makhleb.
Makhleb was most pleased with you.
You visited 5 branches of the dungeon, and saw 27 of its levels.
You also visited: Sewer, Bailey and Volcano.

You collected 3066 gold pieces.
You spent 2043 gold pieces at shops.

Inventory:

Hand Weapons
 Q - the +8 whip "Snakebite" {venom, curare, rPois}
   (You found it on level 3 of the Lair of Beasts)

   It poisons the flesh of those it strikes.
   It occasionally inflicts asphyxiating poison on those it strikes, dealing
   poison damage and causing slowness.
   rPois:     It protects you from poison.
Missiles
 k - 2 throwing nets
 n - 7 poisoned darts
 K - 3 curare-tipped darts
 M - 11 boomerangs
 S - a silver javelin
 U - 13 large rocks (quivered)
Armour
 a - a +4 troll leather armour (worn)
 q - a +2 hat (worn)
 x - a scarf of resistance
 B - a +2 kite shield of protection
 N - the +2 cloak of Hedging (worn) {rC+}
   (You found it on level 2 of the Lair of Beasts)

   rC:        It protects you from cold.
 X - a +2 kite shield of reflection (worn)
Magical Staves
 D - a staff of air
Jewellery
 d - a +6 ring of strength
 e - a ring of poison resistance
 g - an amulet of regeneration (around neck)
 l - a +4 ring of protection (left claw) {=R}
 m - a ring of protection from fire (right claw)
 s - a ring of positive energy
 H - a ring of wizardry
 V - an amulet of the acrobat
 W - a ring of magical power
Wands
 b - a wand of flame (24)
 h - a wand of digging (6)
 L - a wand of paralysis (7)
 Z - a wand of polymorph (2)
Scrolls
 f - a scroll of poison
 o - a scroll of acquirement
 r - 5 scrolls of teleportation
 v - 3 scrolls of fog
 z - 5 scrolls of silence
 A - 5 scrolls of vulnerability
 I - 6 scrolls of immolation
 O - 4 scrolls of identify {@r1}
 Y - a scroll of magic mapping
Potions
 c - 7 potions of brilliance
 i - a potion of flight
 j - a potion of magic
 t - a potion of cancellation
 u - 2 potions of lignification
 w - 3 potions of resistance
 E - 3 potions of mutation
 F - 2 potions of curing
 J - 2 potions of ambrosia
 P - 5 potions of attraction
Miscellaneous
 p - a condenser vane (inert)
 C - a lightning rod (inert)
 T - a box of beasts (inert)


   Skills:
 - Level 14.5 Fighting
 + Level 7.3 Throwing
 - Level 9.0 Dodging
 - Level 9.0 Shields
 - Level 14.4 Unarmed Combat
 - Level 1.2 Spellcasting
 - Level 1.3 Transmutations
 - Level 12.0 Invocations
 - Level 6.6 Evocations


You had 9 spell levels left.
You knew the following spells:

 Your Spells              Type           Power      Damage    Failure   Level
a - Beastly Appendage     Tmut           4%         N/A       50%         1
b - Passwall              Tmut/Erth      0%         N/A       73%         2
c - Wereblood             Tmut           2%         N/A       63%         2
d - Apportation           Tloc           0%         N/A       69%         1
e - Blink                 Tloc           0%         N/A       83%         2

Your spell library contained the following spells:

 Spells                   Type           Power      Damage    Failure   Level
 Freeze                   Ice            0%         1d3       69%         1
 Necrotise                Necr           0%         1d4       69%         1
 Summon Small Mammal      Summ           0%         N/A       69%         1
 Ensorcelled Hibernation  Hex/Ice        0%         N/A       83%         2
 Spider Form              Tmut/Pois      1%         N/A       91%         3
 Call Canine Familiar     Summ           0%         N/A       96%         3
 Frozen Ramparts          Ice            0%         1d2       96%         3
 Lesser Beckoning         Tloc           0%         N/A       96%         3
 Summon Guardian Golem    Hex/Summ       0%         N/A       96%         3
 Swiftness                Air            0%         N/A       96%         3
 Tukima's Dance           Hex            0%         N/A       96%         3
 Vampiric Draining        Necr           0%         2d6       96%         3
 Airstrike                Air            0%         0-1+      100%        4
 Animate Armour           Summ/Erth      0%         N/A       100%        4
 Hailstorm                Conj/Ice       0%         3d3       100%        4
 Ice Form                 Ice/Tmut       1%         N/A       100%        4
 Passage of Golubria      Tloc           0%         N/A       100%        4
 Summon Ice Beast         Ice/Summ       0%         N/A       100%        4
 Summon Lightning Spire   Summ/Air       0%         N/A       100%        4
 Agony                    Necr           0%         N/A       100%        5
 Alistair's Intoxication  Tmut/Pois      0%         N/A       100%        5
 Blade Hands              Tmut           1%         N/A       100%        5
 Lightning Bolt           Conj/Air       0%         1d11      100%        5
 Manifold Assault         Tloc           0%         N/A       100%        5
 Yara's Violent Unravell  Hex/Tmut       0%         3d3       100%        5
 Iron Shot                Conj/Erth      0%         9d1       100%        6
 Simulacrum               Ice/Necr       0%         N/A       100%        6
 Borgnjor's Revivificati  Necr           0%         N/A       100%        8
 Necromutation            Tmut/Necr      0%         N/A       100%        8
 Death's Door             Necr           0%         N/A       100%        9


Dungeon Overview and Level Annotations

Branches:
Dungeon (15/15)            Temple (0/1) D:5            Lair (5/5) D:11
  Swamp (1/4) Lair:2       Spider (4/4) Lair:2        Slime (0/5) Lair:4
    Orc (2/2) D:10            Elf (0/3) Orc:2        Vaults (0/5) D:14
 Depths (0/4) D:15          Sewer (visited)          Bailey (visited)
Volcano (visited)

Altars:
Cheibriados
Dithmenos
Makhleb
Okawaru
Ru
Vehumet
Wu Jian
Yredelemnul
The Shining One
Jiyva
Lugonu

Shops:
D:7 ?   Orc:2 !?[*

Portals:
Abyss: Lair:5

Annotations:
D:13 2 transporters, Xiat Xai's ghost, journeyman DrFE
Spider:4 Roxanne


Innate Abilities, Weirdness & Mutations

You are too large for most types of armour.
You have claws for hands.
Your natural rate of healing is unusually fast.
You are covered in fur. (AC +1)
You have tough skin. (AC +1)


Message History

You scratch the swamp worm.
The swamp worm is lightly wounded.
The swamp worm misses you. You block the will-o-the-wisp's attack.
You remove your ring of poison resistance.
You block the swamp worm's attack.
m - a ring of protection from fire (right claw)
You block the swamp worm's attack.
The will-o-the-wisp gestures.
The will-o-the-wisp conjures some foxfire! 2 foxfires come into view.
You closely miss the swamp worm.
The swamp worm is lightly wounded.
The foxfire hits you! You resist.
* * * LOW HITPOINT WARNING * * *
The foxfire hits you! You resist.
* * * LOW HITPOINT WARNING * * *
You block the swamp worm's attack.
You scratch the will-o-the-wisp but do no damage.
The will-o-the-wisp gestures.
The will-o-the-wisp conjures some foxfire!
The swamp worm bites you!
* * * LOW HITPOINT WARNING * * *
2 foxfires come into view.
Okay, then.
You feel better. The foxfire hits you. You resist.
* * * LOW HITPOINT WARNING * * *
The foxfire hits you! You resist.
* * * LOW HITPOINT WARNING * * *
The will-o-the-wisp gestures.
The will-o-the-wisp conjures some foxfire!
You block the swamp worm's attack. 2 foxfires come into view.
You claw the will-o-the-wisp!
The will-o-the-wisp is moderately damaged.
The foxfire hits you! You resist.
* * * LOW HITPOINT WARNING * * *
The foxfire hits you. You resist.
* * * LOW HITPOINT WARNING * * *
The will-o-the-wisp engulfs you!
You die...

####.............÷...##..+..##.#.
####...)..............#.#..###.##
....#................##...##...+.
......................#...#....#.
8...#................##...##...##
..............♣♣♣♣...#######...##
....#.P#...##♣♣♣♣♣♣..##.######.##
.#.#.###P..# ♣§v§≈♣.........#[##.
.###.# #...♣ ♣§§@w♣........†.....
...#.####..♣ ♣§§§≈♣.........####.
...+..###..♣ ♣♣..≈♣♣........# ##
...#..P#P..♣ ♣≈..≈♣♣.......### #
...+.####..#♣♣≈.)♣♣♣.........####
............♣♣≈..≈♣♣....†........
####........♣♣≈..≈♣♣.............
#..P#.###.♣♣≈♣.≈♣♣.####....####
###..####...♣♣≈..≈♣♣## ##...#


You could see a will-o-the-wisp and a swamp worm.

Vanquished Creatures
  Rupert (D:14)
  Asterion (Spider:1)
  3 emperor scorpions
  An orc warlord (Orc:1)
  2 ghost moths
  A very ugly thing (D:15)
  A broodmother (Spider:1)
  Azrael (D:14)
  A spark wasp (Spider:1)
  An entropy weaver (Spider:3)
  Snorg (Lair:4)
  3 hydras
  A vault guard (D:14)
  A great orb of eyes (D:15)
  4 boulder beetles
  2 rakshasas (D:15)
  Harold (D:9)
  A radroach (Spider:3)
  Erica (Lair:1)
  A jorogumo (Spider:2)
  5 centaur warriors
  2 death yaks
  2 tengu warriors
  2 thrashing horrors (Lair:5)
  A large abomination (Lair:5)
  2 orc high priests (Orc:2)
  Sonja (Lair:1)
  3 skeletal warriors (D:15)
  A goliath frog (Swamp:1)
  3 pharaoh ants
  2 sun moths (Spider:2)
  A steelbarb worm (shapeshifter) (D:15)
  6 orb spiders
  A bog body (Lair:2)
  4 lindwurms (D:11)
  A lindwurm (shapeshifter) (D:15)
  5 orc knights
  12 wolf spiders
  2 manticores (D:14)
  2 orc sorcerers
  11 ugly things
  4 cyclopes
  2 moths of wrath (Spider:3)
  13 elephants
  A smoke demon (Volcano)
  6 black mambas
  A gargoyle (D:13)
  2 molten gargoyles (Lair:4)
  4 torpor snails
  11 cane toads
  3 demonic crawlers
  7 komodo dragons
  2 rime drakes
  A rime drake (shapeshifter) (Lair:5)
  2 tengu conjurers
  An efreet (D:13)
  2 ancient zymes (Lair:5)
  A red devil (Volcano)
  10 trolls
  12 tarantellas
  A blink frog (shapeshifter) (Lair:5)
  A wolf spider simulacrum (D:15)
  8 blink frogs
  15 slime creatures
  15 culicivoras
  24 jumping spiders
  A spriggan (Lair:5)
  A shadow (D:10)
  3 wyverns
  A water elemental (D:14)
  39 yaks
  2 fire elementals (D:14)
  3 wraiths (D:10)
  A hog (shapeshifter) (D:13)
  7 basilisks
  2 vampire mosquitoes
  A chaos spawn (Lair:5)
  2 steam dragons
  34 redbacks
  2 wargs (Orc:2)
  A swamp worm (Lair:2)
  2 acid dragons
  8 water moccasins
  9 hell hounds
  33 orc warriors
  An ice beast (D:6)
  A meliai simulacrum (D:14)
  2 black bears (D:11)
  2 boggarts (D:15)
  10 ogres
  20 centaurs
  12 kobold brigands
  9 bullfrogs
  A necrophage (D:8)
  5 gnoll sergeants
  3 scorpions
  7 small abominations (Lair:5)
  4 howler monkeys
  5 electric eels
  5 lava snakes (Lair:4)
  18 orc priests
  4 hounds
  2 jellies
  A gnoll bouda (D:5)
  A scorpion zombie (D:5)
  3 iguanas
  15 orc wizards
  Ijyb (D:5)
  20 gnolls
  19 adders
  11 river rats
  2 shadow imps (D:6)
  2 white imps
  3 ufetubi
  An adder zombie (D:5)
  7 worms
  2 dart slugs
  90 orcs
  7 bats
  6 endoplasms
  4 giant cockroaches (D:3)
  15 goblins
  9 hobgoblins
  7 jackals (D:4)
  24 kobolds
  8 quokkas
  12 ball pythons
  3 frilled lizards (D:2)
  19 rats
  A rat zombie (D:7)
803 creatures vanquished.

Vanquished Creatures (collateral kills)
  Arachne (Spider:3)
  Jorgrun (Orc:2)
  Nessos (Orc:2)
  A spark wasp (Spider:3)
  An entropy weaver (Spider:2)
  Josephine (D:10)
  3 hydras
  A catoblepas (Lair:4)
  A radroach (Spider:3)
  2 two-headed ogres (D:11)
  5 death yaks (Lair:1)
  2 tengu warriors (D:13)
  3 orc high priests (Orc:2)
  A bog body (Lair:2)
  An orb spider (Spider:2)
  6 orc knights (Orc:2)
  7 elephants (Lair:5)
  2 ugly things
  A smoke demon (Lair:5)
  A rime drake (Lair:5)
  2 komodo dragons (Lair:4)
  A troll (D:11)
  3 blink frogs
  3 slime creatures (D:12)
  4 jumping spiders
  A vampire (D:7)
  A culicivora (Lair:2)
  A wyvern (Lair:2)
  4 wraiths (D:10)
  A yak (shapeshifter) (Lair:5)
  A spriggan (Lair:4)
  8 yaks (Lair:1)
  A basilisk (Lair:5)
  A ynoxinul (Lair:5)
  6 redbacks
  2 swamp worms (Lair:2)
  2 water moccasins
  11 orc warriors
  2 black bears
  A centaur (D:12)
  A kobold brigand (D:7)
  A bullfrog (D:7)
  5 small abominations (Lair:5)
  An electric eel (Lair:2)
  13 orc priests
  A white imp (D:7)
  11 orcs
  2 kobolds (D:7)
133 creatures vanquished.

Vanquished Creatures (others)
  2 slime creatures (D:14)
  2 electric eels (D:14)
  A bush (Lair:5)
  20 foxfires
  14 fungi
  63 plants
102 creatures vanquished.

Grand Total: 1038 creatures vanquished

Notes
Turn   | Place    | Note
-------+----------+-------------------------------------------
     0 | D:1      | dolemite99 the Troll Transmuter began the quest for the
                  | Orb.
     0 | D:1      | Reached XP level 1. HP: 18/18 MP: 1/1
    10 | D:1      | Found a faded altar of an unknown god.
   158 | D:1      | Prayed at the altar of an unknown god.
   158 | D:1      | Became a worshipper of Makhleb the Destroyer
   158 | D:1      | Reached * piety under Makhleb
   217 | D:1      | Reached XP level 2. HP: 26/26 MP: 2/2
   668 | D:2      | Reached XP level 3. HP: 32/32 MP: 3/3
   696 | D:2      | Reached ** piety under Makhleb
  1280 | D:2      | Reached XP level 4. HP: 40/40 MP: 4/4
  1475 | D:3      | Found a glowing drain.
  1489 | D:3      | Reached skill level 5 in Unarmed Combat
  1518 | Sewer    | Entered a sewer
  1542 | Sewer    | Noticed a kobold brigand
  1555 | Sewer    | Killed a kobold brigand
  1556 | Sewer    | Reached XP level 5. HP: 41/46 MP: 5/5
  1876 | Sewer    | Reached XP level 6. HP: 17/54 MP: 6/6
  2309 | Sewer    | Reached XP level 7. HP: 45/61 MP: 7/7
  2607 | D:3      | Reached *** piety under Makhleb
  2691 | D:3      | Found a snail-covered altar of Cheibriados.
  2867 | D:3      | Found an ornate altar of the Wu Jian Council.
  2960 | D:3      | Found a glowing golden altar of the Shining One.
  3292 | D:4      | Identified a scroll of acquirement
  3297 | D:4      | Acquired 821 gold pieces
  3625 | D:4      | Reached skill level 1 in Invocations
  3991 | D:4      | Reached **** piety under Makhleb
  4032 | D:4      | Found a sacrificial altar of Ru.
  4174 | D:5      | Entered Level 5 of the Dungeon
  4177 | D:5      | Identified the +0 chain mail "Juz Iba" {rN+ rCorr}
  4229 | D:5      | Found a staircase to the Ecumenical Temple.
  4418 | D:5      | Noticed Ijyb
  4426 | D:5      | Killed Ijyb
  4427 | D:5      | Reached XP level 8. HP: 60/68 MP: 8/10
  4453 | D:5      | Found a shadowy altar of Dithmenos.
  4803 | D:5      | Reached skill level 5 in Invocations
  5043 | D:5      | Found a basalt altar of Yredelemnul.
  5694 | D:6      | Reached skill level 1 in Fighting
  5694 | D:6      | Reached XP level 9. HP: 37/79 MP: 13/13
  6072 | D:6      | Reached ***** piety under Makhleb
  6735 | D:7      | Found Houtug's Magic Scroll Shoppe.
  6738 | D:7      | Bought a scroll of fog for 48 gold pieces
  6738 | D:7      | Bought a scroll of teleportation for 36 gold pieces
  6738 | D:7      | Bought 2 scrolls of identify for 48 gold pieces
  6738 | D:7      | Bought a scroll of blinking for 90 gold pieces
  6738 | D:7      | Bought a scroll of silence for 114 gold pieces
  6738 | D:7      | Bought 3 scrolls of silence for 342 gold pieces
  6738 | D:7      | Bought a scroll of vulnerability for 48 gold pieces
  6738 | D:7      | Bought a scroll of vulnerability for 48 gold pieces
  6766 | D:7      | Found a flagged portal.
  6781 | Bailey   | Entered a bailey
  7341 | D:7      | Reached skill level 5 in Fighting
  7542 | D:7      | Found an iron altar of Okawaru.
  7838 | D:7      | Identified the +2 robe of Lies {rCorr SInv}
  9380 | D:8      | Reached skill level 1 in Shields
  9380 | D:8      | Reached XP level 10. HP: 87/102 MP: 14/14
  9864 | D:9      | Reached skill level 5 in Shields
 10182 | D:9      | Noticed Harold
 10189 | D:9      | Killed Harold
 10386 | D:10     | Entered Level 10 of the Dungeon
 10727 | D:10     | Reached XP level 11. HP: 102/109 MP: 15/15
 10823 | D:10     | Noticed Josephine
 10834 | D:10     | Killed Josephine
 11208 | D:10     | Found a staircase to the Orcish Mines.
 11739 | D:11     | Noticed a boulder beetle
 11742 | D:11     | Reached skill level 10 in Fighting
 11783 | D:11     | Killed a boulder beetle
 11888 | D:11     | Noticed a two-headed ogre
 11901 | D:11     | Killed a two-headed ogre
 11922 | D:11     | Noticed a two-headed ogre
 11936 | D:11     | Killed a two-headed ogre
 11964 | D:11     | Noticed a lindwurm
 11964 | D:11     | Noticed a lindwurm
 11965 | D:11     | Noticed a lindwurm
 12142 | D:11     | Found a staircase to the Lair.
 12256 | D:11     | Learned a level 2 spell: Passwall
 12259 | D:11     | Learned a level 2 spell: Wereblood
 12261 | D:11     | Learned a level 1 spell: Apportation
 12264 | D:11     | Learned a level 2 spell: Blink
 12307 | D:11     | Noticed a lindwurm
 12350 | Lair:1   | Entered Level 1 of the Lair of Beasts
 12435 | Lair:1   | Reached XP level 12. HP: 130/130 MP: 16/16
 12759 | Lair:1   | Noticed Sonja
 12763 | Lair:1   | Killed Sonja
 12855 | Lair:1   | Noticed a death yak
 12856 | Lair:1   | Noticed a death yak
 12856 | Lair:1   | Noticed a death yak
 12856 | Lair:1   | Noticed a death yak
 12857 | Lair:1   | Noticed a death yak
 12857 | Lair:1   | Noticed a death yak
 12870 | Lair:1   | Killed a death yak
 12876 | Lair:1   | Killed a death yak
 12881 | Lair:1   | Killed a death yak
 12888 | Lair:1   | Killed a death yak
 12893 | Lair:1   | Killed a death yak
 12896 | Lair:1   | Killed a death yak
 13025 | Lair:1   | Noticed Erica
 13043 | Lair:1   | Killed Erica
 13601 | Lair:2   | Found a hole to the Spider Nest.
 13710 | Lair:2   | Found a staircase to the Swamp.
 13832 | Lair:2   | Noticed an eight-headed hydra
 13837 | Lair:2   | Noticed a death yak
 13839 | Lair:2   | Killed an eight-headed hydra
 13855 | Lair:2   | Killed a death yak
 13859 | Lair:2   | Reached XP level 13. HP: 146/146 MP: 17/17
 14188 | Lair:2   | Identified the +2 cloak of Hedging {rC+}
 15499 | Lair:3   | Found the +8 whip "Snakebite" {venom, curare, rPois}
 15831 | Lair:4   | Found a staircase to the Slime Pits.
 15831 | Lair:4   | Found a viscous altar of Jiyva.
 16358 | Lair:4   | Reached skill level 5 in Dodging
 17187 | Lair:4   | Noticed Snorg
 17198 | Lair:4   | Killed Snorg
 17564 | Lair:5   | Entered Level 5 of the Lair of Beasts
 17989 | Lair:5   | Reached XP level 14. HP: 141/157 MP: 20/20
 18099 | Lair:5   | Found a basalt altar of Yredelemnul.
 18176 | Lair:5   | Reached skill level 10 in Invocations
 19936 | Lair:5   | Found a corrupted altar of Lugonu.
 19936 | Lair:5   | Found a one-way gate to the infinite horrors of the Abyss.
 20026 | Lair:5   | Identified the +0 chain mail of the Jabberwock {rPois
                  | Dex+2}
 20028 | Lair:5   | Identified the +1 battleaxe "Qivoidy" {spect, rC+}
 20623 | D:13     | Reached skill level 1 in Throwing
 20702 | D:13     | Identified the +5 whip "Rein Erph" {drain, Fragile rN+++
                  | rCorr Str+3}
 20720 | D:13     | Found a transporter.
 20741 | D:13     | Noticed Xiat Xai's ghost (journeyman DrFE)
 20755 | D:13     | Found a transporter.
 20777 | D:13     | Found a radiant altar of Vehumet.
 22145 | D:14     | Noticed Rupert
 22154 | D:14     | Killed Rupert
 22155 | D:14     | Reached skill level 5 in Throwing
 22258 | D:14     | Found a snail-covered altar of Cheibriados.
 22258 | D:14     | Found Cheibriados's Comfort Zone.
 23348 | D:14     | Noticed Azrael
 23726 | D:14     | Killed Azrael
 23958 | D:14     | Found a gate to the Vaults.
 24215 | D:15     | Entered Level 15 of the Dungeon
 24220 | D:15     | Found a frozen archway.
 24640 | D:13     | Reached XP level 15. HP: 95/165 MP: 23/23
 25149 | D:12     | Reached skill level 10 in Unarmed Combat
 25510 | Orc:1    | Entered Level 1 of the Orcish Mines
 26163 | Orc:1    | Noticed an orc warlord
 26185 | Orc:1    | Killed an orc warlord
 26482 | Orc:2    | Entered Level 2 of the Orcish Mines
 26638 | Orc:2    | Found a dark tunnel.
 26705 | Volcano  | Entered a volcano
 27150 | Orc:2    | Found a staircase to the Elven Halls.
 27776 | Orc:2    | Noticed Nessos
 27790 | Orc:2    | Killed Nessos
 28151 | Orc:2    | Noticed Jorgrun
 28763 | Orc:2    | Killed Jorgrun
 28799 | Orc:2    | Found Fogifupp's Distillery.
 28802 | Orc:2    | Found Yzuox's General Store.
 28803 | Orc:2    | Found Urrilikh's Magic Scroll Boutique.
 28804 | Orc:2    | Found Agest's Antique Armour Shop.
 28815 | Orc:2    | Bought a potion of heal wounds for 85 gold pieces
 28815 | Orc:2    | Bought a potion of might for 68 gold pieces
 28815 | Orc:2    | Bought a potion of curing for 51 gold pieces
 28815 | Orc:2    | Bought a potion of curing for 51 gold pieces
 28815 | Orc:2    | Bought a potion of lignification for 51 gold pieces
 28818 | Orc:2    | Bought a potion of curing for 51 gold pieces
 28818 | Orc:2    | Bought a scroll of teleportation for 51 gold pieces
 28818 | Orc:2    | Bought an amulet of regeneration for 510 gold pieces
 28833 | Orc:2    | Bought a scroll of teleportation for 33 gold pieces
 28833 | Orc:2    | Bought a scroll of poison for 44 gold pieces
 28833 | Orc:2    | Bought a scroll of poison for 44 gold pieces
 28833 | Orc:2    | Bought a scroll of immolation for 44 gold pieces
 28833 | Orc:2    | Bought a scroll of silence for 104 gold pieces
 28833 | Orc:2    | Bought a scroll of enchant armour for 82 gold pieces
 30655 | D:15     | Paralysed by a great orb of eyes for 5 turns
 31161 | D:15     | Found a staircase to the Depths.
 31608 | Spider:1 | Entered Level 1 of the Spider Nest
 31978 | Spider:1 | Noticed Asterion
 32009 | Spider:1 | Killed Asterion
 32010 | Spider:1 | Reached XP level 16. HP: 83/174 MP: 24/24
 34280 | Spider:2 | Reached skill level 1 in Evocations
 35521 | Spider:3 | Noticed Arachne
 35577 | Spider:3 | Killed Arachne
 35693 | Spider:3 | Reached skill level 5 in Evocations
 36438 | Spider:4 | Entered Level 4 of the Spider Nest
 36728 | Spider:4 | Identified Roxanne's Atlas of Changing
 36728 | Spider:4 | Noticed Roxanne
 38257 | Swamp:1  | Entered Level 1 of the Swamp
 38521 | Lair:2   | HP: 8/174 [will-o-the-wisp/foxfire (16)]
 38521 | Lair:2   | HP: 2/174 [will-o-the-wisp/foxfire (6)]
 38521 | Lair:2   | Mangled by a will-o-the-wisp

Illustrated notes

Levels and vault maps discovered:
D:1:      kennysheep_arrival_forest, layout_basic,
          ebering_ecumenical_altar_sacrificial, serial_forest,
          infiniplex_forest_end_3, infiniplex_forest_corner_1,
          infiniplex_forest_clump_small, infiniplex_forest_clump_small,
          infiniplex_forest_lined_1, infiniplex_forest_lined_corner,
          infiniplex_forest_straight_4, minmay_split_cup_large
D:2:      layout_loops_ring
D:3:      layout_rooms, mainiacjoe_overflow_small_starburst,
          mainiacjoe_overflow_24_doors, mainiacjoe_overflow_brackets,
          portal_sewer_entry_f
D:4:      layout_basic, nicolae_ru_path_of_blood, minmay_misc_feat_rows
D:5:      layout_loops_ring, mainiacjoe_overflow_surrounded_room,
          lemuel_zombie_altar_yredelemnul, minmay_temple_entry_arrows,
          st_stairs_9, uniq_ijyb
D:6:      layout_loops_ring
D:7:      layout_layer_cave, mainiacjoe_overflow_boulevard, enter_ossuary_4,
          enter_bailey_3, serial_shops, kennysheep_mini, dk_noncrumbling_4
D:8:      layout_basic, minmay_misc_feat_room,
          hangedman_abyss_or_decor_jellyfish_corner
D:9:      layout_cave_pods, uniq_harold
D:10:     layout_loops_ring, kennysheep_orc_monster_closet_entryway,
          minmay_misc_feat_x, uniq_josephine
D:11:     layout_cave_pools, grunt_lair_entry_orc_guard_hut,
          minmay_lindwurm_lava
D:12:     layout_grid_maze
D:13:     layout_loops_corners, gammafunk_ghost_stat_death,
          nicolae_vehumet_altar_sigil
D:14:     layout_basic, david_vaults_5, chequers_big_river, minmay_shop_chei,
          uniq_rupert, uniq_azrael
D:15:     gammafunk_enter_depths_forms, layout_stronghold,
          portal_ice_cave_entry_pillars_2, minivault_23, nicolae_titane
Lair:1:   layout_hall_layers, infiniplex_staircase_pool, grunt_megastairs_1,
          uniq_erica, uniq_sonja
Lair:2:   layout_small_grid, nicolae_swamp_entry_splash_gauntlet,
          nicolae_spider_entry_tight_spaces, kennysheep_abandoned_house,
          serial_bayou_shore_b, grunt_megastairs_3
Lair:3:   minmay_guarded_unrand_snakebite, layout_regular_city,
          grunt_megastairs_2
Lair:4:   cheibrodos_magma_flow, layout_loops_ring, slime_entry_1, serial_bayou,
          serial_bayou_shore_a, serial_bayou_lake_a, serial_bayou_shore_b,
          serial_bayou_pond_d, grunt_forest_large_clearing_hut, uniq_snorg
Lair:5:   hellmonk_lair_end_abyssal_woods, layout_gridlike, basic_altar,
          serial_rivers, chequers_serial_rivers_small_a,
          chequers_serial_rivers_small_3, chequers_serial_rivers_room_a,
          chequers_serial_rivers_micro_c, chequers_serial_rivers_room_b
Swamp:1:  layout_falls_marsh, nicolae_swamp_rocky_clearing
Spider:1: layout_chambers, uniq_asterion
Spider:2: layout_spider_delve, drop_trap
Spider:3: layout_spider_delve, drop_trap, uniq_arachne
Spider:4: floodkiller_spider_rune_tomb, uniq_roxanne
Orc:1:    layout_caves, basic_altar, minmay_orc_barracks
Orc:2:    st_orc_pillars, layout_caves, nicolae_volcano_entry_lava_flow,
          uniq_jorgrun, uniq_nessos

Skill      XL: |  1  2  3  4  5  6  7  8  9 10 11 12 13 14 15 16 |
---------------+-------------------------------------------------+-----
Unarmed Combat | 4 6 8 9 14 | 14.4
Invocations    | 4 7 9 12 | 12.0
Fighting       | 1 7 11 14 | 14.5
Shields        | 1 7 9 |  9.0
Dodging        | 6 9 |  9.0
Throwing       | 7 |  7.3
Evocations     | 6 |  6.6
Spellcasting   | |  1.2
Transmutations | |  1.3

Action                   |  1- 3 |  4- 6 |  7- 9 | 10-12 | 13-15 | 16-18 || total
-------------------------+-------+-------+-------+-------+-------+-------++-------
Melee: Unarmed           |    93 |   123 |   346 |   323 |  1494 |   397 ||  2776
       Punch             |     3 |     2 |    19 |       |       |       ||    24
Throw: Dart              |       |       |       |    45 |   111 |    33 ||   189
       Boomerang         |       |       |       |       |   149 |    34 ||   183
       Large rock        |       |       |       |       |    12 |     4 ||    16
       Javelin           |       |       |       |       |     7 |       ||     7
       Throwing net      |       |       |       |       |     3 |       ||     3
Invok: Minor Destruction |       |       |    80 |    48 |    21 |       ||   149
       Lesser Servant of |       |       |     7 |    27 |    83 |    20 ||   137
       Greater Servant o |       |       |       |     1 |       |       ||     1
Evoke: Wand              |       |       |       |    31 |    36 |     9 ||    76
       Lightning rod     |       |       |       |     9 |    14 |    11 ||    34
       Box of beasts     |       |       |       |       |     4 |     3 ||     7
       Condenser vane    |       |       |       |       |       |     2 ||     2
  Use: Potion            |       |     1 |    10 |     2 |    17 |    12 ||    42
       Scroll            |       |       |    17 |     8 |    23 |    11 ||    59
 Stab: Sleeping          |     1 |       |     2 |       |       |       ||     3
       Distracted        |       |       |     2 |     4 |     7 |       ||    13
       Invisible         |       |       |     1 |       |     4 |     4 ||     9
       Paralysed         |       |       |       |       |     1 |     5 ||     6
       Held in net/web   |       |       |       |       |     1 |       ||     1
Armor: Robe              |    21 |    22 |   176 |    31 |       |       ||   250
       Skin              |       |     3 |    40 |       |    21 |       ||    64
       Troll leather arm |       |       |       |   146 |   941 |   324 ||  1411
Dodge: Dodged            |    47 |    45 |   220 |   129 |   744 |   240 ||  1425
Block: Kite shield       |       |       |    44 |   258 |  1213 |   379 ||  1894
       Reflection        |       |       |       |       |    26 |     2 ||    28

Table legend: (Time is in decaauts)
 A = Elapsed time spent in this place.
 B = Non-inter-level travel time spent in this place.
 C = Inter-level travel time spent in this place.
 D = Time resting spent in this place.
 E = Time spent auto-exploring this place.
 F = Levels seen in this place.
 G = Mean time per level.
                   A        B        C        D        E       F      G
               +--------+--------+--------+--------+--------+-----+--------+
         Total |  38600 |  36943 |   1657 |  11491 |  15350 |  30 | 1286.7 |
       Dungeon |  18930 |  17888 |   1042 |   4145 |   8983 |  15 | 1262.0 |
          Lair |   8299 |   8000 |    299 |   2165 |   3623 |   5 | 1659.8 |
         Swamp |     27 |     27 |      0 |      0 |      0 |   1 |   27.0 |
   Spider Nest |   6511 |   6284 |    227 |   3649 |   1339 |   4 | 1627.8 |
  Orcish Mines |   2812 |   2726 |     86 |    768 |    765 |   2 | 1406.0 |
         Sewer |   1218 |   1218 |      0 |    468 |    415 |   1 | 1218.0 |
        Bailey |    541 |    541 |      0 |    222 |    153 |   1 |  541.0 |
       Volcano |    259 |    259 |      0 |     72 |     70 |   1 |  259.0 |
               +--------+--------+--------+--------+--------+-----+--------+

Top non-repeatable levels by time:
Spider:3: 2874 daAuts
  Lair:5: 2611 daAuts
    D:15: 2471 daAuts
Spider:1: 2279 daAuts
   Orc:2: 2160 daAuts
    D:14: 2025 daAuts
    D:13: 2001 daAuts
  Lair:4: 1895 daAuts
    D:10: 1740 daAuts
     D:6: 1522 daAuts
  Lair:2: 1429 daAuts
Spider:2: 1319 daAuts
   Sewer: 1218 daAuts
  Lair:1: 1207 daAuts
     D:8: 1180 daAuts
